 Dungeon Crawl Stone Soup version 0.21.1-1-g345015fe64 (webtiles) character file.

144 Ivernyr the Charmwright (level 5, -4/38 HPs)
             Began as a Human Skald on May 30, 2018.
             Slain by a hobgoblin
             ... wielding a +0 club
              (5 damage)
             ... on level 3 of the Dungeon.
             The game lasted 00:08:03 (2999 turns).

Ivernyr the Charmwright (Human Skald)               Turns: 2999, Time: 00:08:04

Health: -4/38      AC:  4    Str: 11    XL:     5   Next: 52%
Magic:  6/8        EV: 12    Int: 13    God:
Gold:   179        SH:  0    Dex: 14    Spells: 3/8 levels left

rFire    + . .     SeeInvis .   a - +0 falchion
rCold    . . .     Gourm    .   (no shield)
rNeg     . . .     Faith    .   b - +0 leather armour
rPois    .         Spirit   .   (no helmet)
rElec    .         Reflect  .   h - +0 cloak
rCorr    .         Harm     .   (no gloves)
MR       .....                  (no boots)
Stlth    +.........             (no amulet)
HPRegen  0.12/turn              l - ring of protection from fire
MPRegen  0.11/turn              (no ring)

@: no status effects
A: no striking features
a: no special abilities


You were on level 3 of the Dungeon.
You were very hungry.

You visited 1 branch of the dungeon, and saw 3 of its levels.

You collected 179 gold pieces.

Inventory:

Hand Weapons
 a - a +0 falchion (weapon)
Armour
 b - a +0 leather armour (worn)
 h - a +0 cloak (worn)
 i - a +0 shield
Jewellery
 l - a ring of protection from fire (left hand)
Wands
 s - a wand of digging (16)
Scrolls
 e - a scroll of enchant armour {unknown}
 f - 3 scrolls of identify {unknown}
 k - a scroll of teleportation {unknown}
 m - a scroll of noise {unknown}
 o - 2 scrolls of fear {unknown}
 q - a scroll of magic mapping {unknown}
 r - a scroll of remove curse {unknown}
 u - a scroll of blinking {unknown}
Potions
 g - a potion of agility {unknown}
 j - a potion of haste {unknown}
 n - a potion of degeneration {unknown}
 p - 2 potions of heal wounds {unknown}
 t - a potion of curing {unknown}
 v - a potion of magic {unknown}
Books
 c - a book of Battle

   Spells                             Type                      Level
   a - Infusion                       Charms                       1
   b - Shroud of Golubria             Charms/Translocation         2
   c - Song of Slaying                Charms                       2
   d - Spectral Weapon                Hexes/Charms                 3
   e - Regeneration                   Charms/Necromancy            3
Comestibles
 d - 5 rations


   Skills:
 - Level 2.0 Fighting
 + Level 3.1 Long Blades
 + Level 2.5 Armour
 - Level 2.0 Dodging
 - Level 2.0 Spellcasting
 * Level 4.6 Charms


You had 3 spell levels left.
You knew the following spells:

 Your Spells              Type           Power        Failure   Level  Hunger
a - Shroud of Golubria    Chrm/Tloc      #.........   21%         2    ###....
b - Song of Slaying       Chrm           ##......     8%          2    ###....
c - Infusion              Chrm           ##..         4%          1    ##.....


Dungeon Overview and Level Annotations

Branches:
Dungeon (3/15)

Altars:
Elyvilon
Ru


Message History

Confirm with . or Enter, or press ? or * to list all spells.
Space distorts slightly along a thin shroud covering your body.
You are feeling very hungry.
The hobgoblin closely misses you.
You closely miss the hobgoblin. The hobgoblin hits you with a club.
* * * LOW HITPOINT WARNING * * *
Your shroud falls apart!
You closely miss the hobgoblin.
The hobgoblin hits you but does no damage.
You hit the hobgoblin.
The hobgoblin is lightly wounded.
The hobgoblin hits you but does no damage.
You hit the hobgoblin.
The hobgoblin is almost dead.
The hobgoblin hits you with a club.
* * * LOW HITPOINT WARNING * * *
You closely miss the hobgoblin.
The hobgoblin is almost dead.
The hobgoblin hits you with a club.
You die...

########'#.###.#.(.....#
#.# #.#.#...#..(....#
#.#
########.#.#.###...(...#
#.# .........#.#.#
#.......# #.#
##########.#.# #..)....#
#.# ..#.# #.......# #.#
###.# #.......# #.# #.#
#g......###.#
############.#
#@..........#
.............#
###########.#
############## ###


You could see a hobgoblin.

Vanquished Creatures
  Terence (D:2)
  A worker ant (D:3)
  4 adders
  An ooze (D:1)
  2 worms
  2 dart slugs (D:1)
  2 leopard geckos
  4 orcs (D:3)
  3 giant cockroaches
  4 goblins
  4 hobgoblins
  2 kobolds
  6 bats
  2 frilled lizards (D:2)
  9 rats
47 creatures vanquished.

Notes
Turn   | Place    | Note
-------+----------+-------------------------------------------
     0 | D:1      | Ivernyr the Human Skald began the quest for the Orb.
     0 | D:1      | Reached XP level 1. HP: 16/16 MP: 3/3
   260 | D:1      | Reached XP level 2. HP: 16/22 MP: 5/5
   338 | D:1      | Learned a level 2 spell: Song of Slaying
   341 | D:1      | Learned a level 2 spell: Shroud of Golubria
   561 | D:1      | Reached XP level 3. HP: 19/27 MP: 6/6
  1137 | D:2      | Reached XP level 4. HP: 16/33 MP: 3/7
  1138 | D:2      | Noticed Terence
  1165 | D:2      | Killed Terence
  1165 | D:2      | Reached skill level 4 in Charms
  1166 | D:2      | Found a white marble altar of Elyvilon.
  1419 | D:2      | Found a sacrificial altar of Ru.
  2029 | D:3      | Reached XP level 5. HP: 23/38 MP: 2/8
  2998 | D:3      | HP: 1/38 [hobgoblin/club (2)]
  2999 | D:3      | Slain by a hobgoblin

Skill      XL: |  1  2  3  4  5 |
---------------+----------------+-----
Armour         | 2 |  2.5
Charms         | 4 |  4.6
Long Blades    | 3 |  3.1
Fighting       | |  2.0
Dodging        | |  2.0
Spellcasting   | |  2.0

Action                   |  1- 3 |  4- 6 || total
-------------------------+-------+-------++-------
Melee: Falchion          |    84 |   118 ||   202
 Cast: Shroud of Golubri |     4 |    10 ||    14
 Stab: Sleeping          |     2 |     1 ||     3
  Eat: Chunk             |     1 |     6 ||     7
Armor: Leather armour    |    29 |    19 ||    48
Dodge: Dodged            |    65 |    78 ||   143
       Rpst.: Falchion   |    24 |    23 ||    47
